 Dungeon Crawl Stone Soup version 0.18-a0-1471-gbbaf034 (webtiles) character file.

8 MrRokkomies the Sneak (level 2, 0/13 HPs)
             Began as a Spriggan Enchanter on Mar 2, 2016.
             Slain by a goblin
             ... wielding a cursed -3 dagger
              (3 damage)
             ... on level 1 of the Dungeon.
             The game lasted 00:01:10 (379 turns).

MrRokkomies the Sneak (Spriggan Enchanter)           Turns: 379, Time: 00:01:10

Health: 0/13       AC:  3    Str:  4    XL:     2   Next: 0%
Magic:  4/6        EV: 18    Int: 16    God:
Gold:   21         SH:  0    Dex: 16    Spells: 1 memorised, 5 levels left

rFire  . . .     SeeInvis +     a - +1 dagger
rCold  . . .     Gourm    .     b - +1 robe
rNeg   . . .     Faith    .     (shield restricted)
rPois  .         Spirit   .     (helmet restricted)
rElec  .         Dismiss  .     (no cloak)
rCorr  .         Reflect  .     (gloves unavailable)
SustAt .         Harm     .     (boots unavailable)
MR     .....                    (no amulet)
Stlth  +++.......               (no ring)
                                (no ring)

@: very slightly contaminated, very quick, not resistant to hostile
enchantments, fairly stealthy
A: unfitting armour, see invisible, herbivore 3, speed 3, slow metabolism 2
a: no special abilities


You were on level 1 of the Dungeon.
You were not hungry.

You visited 1 branch of the dungeon, and saw 1 of its levels.

You collected 21 gold pieces.

Inventory:

Hand Weapons
 a - a +1 dagger (weapon)
Missiles
 f - 18 sling bullets
Armour
 b - a +1 robe (worn)
Potions
 e - 2 potions of curing {unknown}
Books
 c - a book of Maledictions

   Spells                             Type                      Level
   a - Corona                         Hexes                        1
   b - Ensorcelled Hibernation        Hexes/Ice                    2
   c - Confuse                        Hexes                        3
   d - Tukima's Dance                 Hexes                        3
   e - Dazzling Spray                 Conjuration/Hexes            3
Comestibles
 d - a bread ration


   Skills:
 * Level 1.7 Short Blades
 - Level 3.0 Dodging
 - Level 4.4 Stealth
 - Level 2.6 Spellcasting
 * Level 4.0 Hexes


You had 5 spell levels left.
You knew the following spells:

 Your Spells              Type           Power        Failure   Level  Hunger
a - Corona                Hex            ###....      4%          1    #......


Dungeon Overview and Level Annotations

Branches:
Dungeon (1/15)

Altars:


Innate Abilities, Weirdness & Mutations

You are tiny and cannot use many weapons and most armour.
You have supernaturally acute eyesight.
You are an herbivore.
You cover ground extremely quickly.
You need consume almost no food.


Message History

Your Hexes skill increases to level 4!
You have reached level 2!
The goblin barely misses you. The goblin hits you with a dagger.
* * * LOW HITPOINT WARNING * * *
Things that are here:
a club; 10 stones; a puce potion
Casting: Corona
Confirm with . or Enter, or press ? or * to list all spells.
Aiming: Corona
Press: ? - help, Shift-Dir - straight line, f - goblin
Aim: a goblin, wielding a dagger (chance to defeat MR: 84%)
You miscast Corona.
You are very lightly contaminated with residual magic.
Your hands glow momentarily.
You hit the goblin.
The goblin is heavily wounded.
The goblin barely misses you. The goblin hits you with a dagger.
You die...

#. .# #.#.### .. . .
.#........... #. .#.
.#.#...!g........
........................
#.#.#.#.#.............. .....
.... ................. ....
######.###..#...?......... ...
#........#.##.......>..... ...
#........@g###.......†.... #.#
#.........)..#......g.g... #.#
####.##.##.#........####..
#.######.##.#..##.....######..
#........##.#..............##.
#.......###.#......#.#.#.#.##.
#..............#.!#.#.#.#.....
#......###...#.#...#.#.#.#.#..
#......# ..##.#.##.#.#.#..#.#


You could see a goblin.

Vanquished Creatures
  A giant gecko (D:1)
  A bat (D:1)
  2 goblins (D:1)
  A hobgoblin (D:1)
  A giant newt (D:1)
  A kobold (D:1)
7 creatures vanquished.

Notes
Turn   | Place    | Note
--------------------------------------------------------------
     0 | D:1      | MrRokkomies the Spriggan Enchanter began the quest for the Orb.
     0 | D:1      | Reached XP level 1. HP: 9/9 MP: 5/5
   373 | D:1      | Reached XP level 2. HP: 7/13 MP: 4/6
   379 | D:1      | Slain by a goblin

Vault maps used:
D:1:      lightli_arrival_chessboard, minmay_misc_feat_plants, hex_large,
          minmay_misc_feat_room

Skill      XL: |  1 |
---------------+----+-----
Hexes          | 4 |  4.0
Short Blades   | |  1.7
Dodging        | |  3.0
Stealth        | |  4.4
Spellcasting   | |  2.6

Action                   || total
-------------------------++-------
Melee: Dagger            ||    33
 Cast: Corona            ||     2
 Stab: Sleeping          ||     2
